AoeStats
← Hector

Arena

506428655Analyzed
4v4 RM · 18d ago on Sep 13, 2026· 41m 57s· 8 players
Game mode
Random Map
Map size
Large (8 player)
Population
200
Speed
Normal
Resources
Standard
Victory
Conquest
Starting age
Dark Age
Ending age
Imperial Age
RankedLock teamsTeams togetherTeam positionsShared explorationLock speedFull tech treeHidden civsTurbo modeCheats
Victory
Defeat
1444
+14
🇺🇸 Georgians · United States
1436
+14
🇹🇷 Bohemians · Türkiye
1416
+15
🇦🇹 Ethiopians · Austria
1392
+16
🇦🇷 Vietnamese · Argentina
1429
-16
🇨🇳 Franks · China
1398
-15
🇹🇼 Gurjaras · Taiwan
1385
-14
🇹🇼 Bohemians · Taiwan
1374
-14
jimmy
10:55 Feudal Age
14:32 Castle Age
12:42 Double-Bit Axe
12:50 Horse Collar
15:26 Bow Saw
20:35 Loom
23:10 Wheelbarrow
22:45 Town Watch
23:15 Heavy Plow
28:19 Imperial Age
25:58 Gold Mining
25:59 Stone Mining
26:34 Hand Cart
27:17 Scale Mail Armor
27:28 Forging
27:09 Fletching
27:04 Treadmill Crane
27:19 Pikeman
27:59 Squires
28:50 Halberdier
29:51 Chain Mail Armor
30:12 Iron Casting
29:42 Onager
32:47 Guard Tower
32:55 Bodkin Arrow
34:00 Blast Furnace
33:31 Plate Mail Armor
35:25 Coinage
35:06 Bracer
36:09 Chemistry
36:02 Stone Shaft Mining
36:23 Keep
36:08 Ballistics
37:20 Svan Towers
37:36 Conscription
37:03 Siege Onager
38:18 Capped Ram
38:57 Arrowslits
41:42 Siege Ram
Sir Dancealot
10:38 Feudal Age
15:02 Castle Age
13:24 Double-Bit Axe
13:27 Horse Collar
17:58 Bow Saw
18:05 Fervor
18:50 Wheelbarrow
18:00 Loom
23:06 Sanctity
24:02 Hand Cart
25:26 Heavy Plow
28:10 Imperial Age
26:07 Heavy Plow
28:17 Chemistry
27:27 Masonry
32:24 Conscription
32:09 Padded Archer Armor
35:02 Houfnice
Hector
10:07 Feudal Age
14:05 Castle Age
11:56 Double-Bit Axe
12:10 Horse Collar
15:19 Bow Saw
15:09 Heavy Plow
20:13 Loom
22:54 Wheelbarrow
30:16 Imperial Age
27:49 Scale Mail Armor
28:00 Forging
28:15 Squires
28:50 Hand Cart
28:28 Town Watch
28:50 Gold Mining
28:50 Stone Mining
29:29 Chain Mail Armor
30:50 Iron Casting
30:33 Masonry
31:57 Chemistry
31:32 Plate Mail Armor
31:09 Siege Engineers
32:05 Two-Man Saw
32:27 Conscription
34:12 Coinage
33:11 Halberdier
34:53 Blast Furnace
33:57 Capped Ram
35:05 Torsion Engines
35:39 Fletching
36:00 Masonry
36:11 Ballistics
36:23 Arson
36:35 Bodkin Arrow
37:26 Siege Ram
39:44 Gold Shaft Mining
39:45 Stone Shaft Mining
39:41 Banking
40:53 Architecture
42:04 Guilds
玩印度的哥们硬不起来
5:10 Loom
10:14 Feudal Age
14:37 Castle Age
13:11 Double-Bit Axe
15:13 Wheelbarrow
16:47 Bow Saw
29:14 Imperial Age
27:00 Hand Cart
27:36 Scale Mail Armor
27:06 Pikeman
27:46 Squires
28:34 Chain Mail Armor
28:26 Squires
28:48 Gold Mining
29:40 Forging
29:17 Capped Ram
29:25 Halberdier
30:52 Plate Mail Armor
32:54 Iron Casting
35:21 Blast Furnace
36:28 Scale Barding Armor
37:08 Gold Shaft Mining
36:24 Stone Mining
37:47 Chain Barding Armor
36:51 Cavalier
37:32 Husbandry
39:31 Plate Barding Armor
41:40 Chivalry
41:46 Paladin
2手下留情1
11:20 Feudal Age
10:53 Loom
15:53 Castle Age
13:40 Double-Bit Axe
14:39 Horse Collar
17:23 Bow Saw
25:09 Imperial Age
24:51 Wheelbarrow
24:56 Heavy Plow
25:49 Wagenburg Tactics
26:04 Pikeman
29:01 Conscription
28:47 Fletching
31:23 Halberdier
32:17 Scale Mail Armor
32:28 Forging
33:57 Bodkin Arrow
34:55 Redemption
35:31 Hand Cart
36:22 Two-Man Saw
36:46 Chemistry
39:18 Arrowslits
39:52 Bracer
39:53 Padded Archer Armor
39:46 Elite Skirmisher
40:31 Imperial Skirmisher
好好好吃蛋餅
11:44 Feudal Age
12:35 Loom
13:04 Double-Bit Axe
15:39 Castle Age
13:33 Horse Collar
14:35 Gold Mining
18:04 Bow Saw
19:37 Wheelbarrow
19:25 Heavy Plow
21:17 Town Watch
27:33 Gold Shaft Mining
27:12 Scale Barding Armor
27:18 Forging
30:06 Imperial Age
27:53 Hand Cart
27:54 Stone Mining
28:34 Chain Barding Armor
29:21 Iron Casting
29:10 Husbandry
29:21 Bloodlines
29:38 Bloodlines
30:57 Ballistics
32:11 Plate Barding Armor
32:52 Chemistry
32:00 Fletching
32:11 Padded Archer Armor
32:25 Masonry
31:43 Heavy Camel Rider
32:25 Scale Mail Armor
32:29 Padded Archer Armor
32:19 Fletching
32:27 Light Cavalry
34:21 Crop Rotation
33:19 Hussar
34:47 Leather Archer Armor
羊了个羊
10:54 Feudal Age
15:09 Castle Age
13:37 Double-Bit Axe
22:48 Bow Saw
23:18 Wheelbarrow
22:33 Loom
29:56 Imperial Age
27:32 Gold Mining
28:33 Husbandry
29:00 Hand Cart
28:53 Scale Barding Armor
28:59 Forging
29:02 Stone Mining
30:54 Gold Shaft Mining
30:49 Chain Barding Armor
31:05 Iron Casting
30:07 Cavalier
37:58 Scale Mail Armor
都挺好
10:36 Feudal Age
14:11 Castle Age
12:38 Double-Bit Axe
12:52 Horse Collar
15:08 Bow Saw
18:25 Fletching
18:42 Heavy Plow
20:07 Padded Archer Armor
21:25 Bodkin Arrow
21:27 Gold Mining
28:14 Imperial Age
26:05 Loom
27:01 Leather Archer Armor
29:25 Squires
29:28 Bracer
30:24 Wheelbarrow
33:48 Chemistry
34:02 Ballistics
36:19 Two-Man Saw
35:14 Town Watch
35:45 Hand Cart
Connection lost

Rejoining the realm…

Still unreachable

The connection could not be restored.

Session expired

The server has moved on; the page needs a fresh start.